AoeStats
← mmartel76

Arena

509808151Analyzed
1v1 RM · 5d ago on Sep 28, 2026· 61m 19s· 2 players
Game mode
Random Map
Map size
Tiny (2 player)
Population
200
Speed
Normal
Resources
Standard
Victory
Conquest
Starting age
Dark Age
Ending age
Imperial Age
RankedLock teamsTeams togetherTeam positionsShared explorationLock speedFull tech treeHidden civsTurbo modeCheats
Victory
Defeat
🇧🇷 Persians · Brazil
472
+16
🇵🇪 Franks · Peru
472
-16
Raangon
12:47 Feudal Age
13:47 Double-Bit Axe
14:18 Horse Collar
15:44 Man-at-Arms
17:28 Bloodlines
26:26 Castle Age
27:38 Bow Saw
27:31 Heavy Plow
27:53 Long Swordsman
28:19 Gambesons
28:01 Crossbowman
28:47 Husbandry
28:56 Scale Barding Armor
29:03 Forging
32:01 Chain Barding Armor
32:17 Iron Casting
34:27 Gold Mining
34:27 Stone Mining
34:41 Scale Mail Armor
35:00 Kamandaran
35:37 Thumb Ring
36:38 Wheelbarrow
37:41 Herbal Medicine
39:11 Chain Mail Armor
39:03 Light Cavalry
40:17 Elite Skirmisher
41:32 Hand Cart
46:36 Imperial Age
47:16 Elite War Elephant
48:38 Pikeman
49:18 Squires
49:28 Hussar
49:30 Cavalier
56:08 Savar
mmartel76
0:28 Loom
11:59 Feudal Age
13:29 Wheelbarrow
12:44 Double-Bit Axe
13:14 Gold Mining
22:22 Castle Age
21:10 Padded Archer Armor
23:09 Scale Mail Armor
24:26 Squires
26:11 Stone Mining
27:09 Town Watch
29:51 Ballistics
29:29 Murder Holes
31:42 Bow Saw
31:10 Pikeman
31:11 Man-at-Arms
32:16 Crossbowman
33:13 Treadmill Crane
34:13 Fletching
34:38 Leather Archer Armor
34:34 Forging
37:21 Bodkin Arrow
38:02 Iron Casting
40:11 Fervor
43:56 Imperial Age
42:05 Hand Cart
44:18 Fortified Wall
44:29 Chain Mail Armor
44:20 Scale Barding Armor
44:33 Masonry
45:00 Conscription
44:50 Elite Skirmisher
45:52 Halberdier
47:32 Town Patrol
50:03 Cavalier
60:13 Chemistry
61:27 Plate Mail Armor
Connection lost

Rejoining the realm…

Still unreachable

The connection could not be restored.

Session expired

The server has moved on; the page needs a fresh start.